 Dungeon Crawl Stone Soup version 0.29.1-2-gbd0b4ee654 (webtiles) character file.

Game seed: 10714227014467502860

63 Descartes the Sneak (level 3, -1/16 HPs)
             Began as a Felid Wanderer on Nov 4, 2022.
             Slain by an adder (3 damage)
             ... on level 2 of the Dungeon.
             The game lasted 00:02:32 (2024 turns).

Descartes the Sneak (Felid Wanderer)                Turns: 2024, Time: 00:02:33

Health: -1/16      AC:  1    Str:  4    XL:     3   Next: 87%
Magic:  1/6        EV: 16    Int: 17    God:
Gold:   43         SH:  0    Dex: 17    Spells: 3/5 levels left
                                        Lives:  0   Deaths: 0

rFire   . . .      SeeInvis +   (weapon unavailable)
rCold   . . .      Faith    .   (shield unavailable)
rNeg    . . .      Spirit   .   (body armour unavailable)
rPois   .          Reflect  .   (helmet unavailable)
rElec   .          Harm     .   (cloak unavailable)
rCorr   .          Rampage  .   (gloves unavailable)
Will    .....                   (boots unavailable)
Stlth   +++.......              (no amulet)
HPRegen 0.05/turn               (no ring)
MPRegen 0.10/turn               (no ring)

@: quick
A: very small, claws 1, fangs 3, see invisible, speed 1, shaggy fur 1, stealthy
paws, no weapons or thrown items, no armour, multi-lived
a: no special abilities


You were on level 2 of the Dungeon.
You visited 1 branch of the dungeon, and saw 2 of its levels.

You collected 43 gold pieces.

Inventory:

Jewellery
 g - a ring of fire
Scrolls
 a - 4 scrolls of teleportation
 b - 2 scrolls of fear
 c - 2 scrolls of identify {unknown}
 d - a scroll of enchant armour {unknown}
 h - a scroll of enchant weapon {unknown}
Potions
 e - a potion of degeneration {unknown}
 f - a potion of resistance {unknown}


   Skills:
 + Level 2.4 Fighting
 + Level 1.3 Dodging
 + Level 5.8 Stealth
 + Level 1.5 Spellcasting
 + Level 1.1 Conjurations
 + Level 3.1 Air Magic


You had 3 spell levels left.
You knew the following spells:

 Your Spells              Type           Power      Damage    Failure   Level
a - Static Discharge      Conj/Air       8%         3-4/arc   13%         2

Your spell library contained the following spells:

 Spells                   Type           Power      Damage    Failure   Level
 Poisonous Vapours        Pois/Air       12%        N/A       16%         2


Dungeon Overview and Level Annotations

Branches:
Dungeon (2/15)

Altars:

Shops:
D:1 [


Innate Abilities, Weirdness & Mutations

You have sharp claws.
You have razor-sharp teeth.
You have supernaturally acute eyesight. (SInv)
You cover ground quickly. (Speed+)
You are covered in fur. (AC +1)
Your paws help you pounce on unaware monsters.
You are incapable of wielding weapons or throwing items.
You cannot wear armour.
You gain extra lives every three experience levels.


Message History

An adder is nearby!
Unknown command.
The adder barely misses you.
Casting: Static Discharge (safe; 13% risk of failure)
Confirm with . or Enter, or press ? or * to list all spells.
The adder is struck by an arc of lightning.
The adder is moderately wounded.
You are struck by an arc of lightning.
The adder is struck by an arc of lightning.
The adder is severely wounded.
The lightning grounds out.
The adder bites you but does no damage.
Casting: Static Discharge (safe; 13% risk of failure)
Confirm with . or Enter, or press ? or * to list all spells.
You don't have enough magic to cast this spell.
You barely miss the adder.
The adder is severely wounded.
The adder bites you.
You are poisoned.
The adder poisons you!
You closely miss the adder.
The adder is severely wounded.
You feel sick. The adder barely misses you.
The adder bites you but does no damage.
You closely miss the adder.
The adder is severely wounded.
You feel sick. The adder misses you. The adder attacks as you move away!
The adder closely misses you.
You feel sick. The adder attacks as you move away! The adder misses you.
You feel sick.
You feel sick.
You are no longer poisoned.
The adder attacks as you move away! The adder closely misses you.
You barely miss the adder.
The adder is severely wounded.
The adder bites you.
* * * LOW HITPOINT WARNING * * *
You scratch the adder.
The adder is severely wounded.
The adder bites you.
You die...

#.....#........#
######.##..###.#
####..# #.# #..#
#.# #..# #.#
#..# #.# #..#
#.# #..# #.#
...# #@# #S# #
#.# ....####.#
#.....)..#
..########


You could see an adder.

Vanquished Creatures
  2 gnolls (D:2)
  2 adders (D:2)
  A ball python (D:1)
  5 endoplasms
  2 giant cockroaches
  2 goblins (D:2)
  3 hobgoblins (D:1)
  4 bats (D:1)
  A frilled lizard (D:2)
  2 rats
24 creatures vanquished.

Notes
Turn   | Place    | Note
-------+----------+-------------------------------------------
     0 | D:1      | Descartes the Felid Wanderer began the quest for the Orb.
     0 | D:1      | Descartes set off with the following items: a scroll of
                  | teleportation, a scroll of fear; and the following spells
                  | available to memorise: Poisonous Vapours, Static Discharge.
     0 | D:1      | Reached XP level 1. HP: 9/9 MP: 3/3
   468 | D:1      | Found Imalymp's Antique Armour Emporium.
   554 | D:1      | Reached XP level 2. HP: 5/13 MP: 4/4
   772 | D:1      | Learned a level 2 spell: Static Discharge
  1483 | D:2      | Reached XP level 3. HP: 13/16 MP: 2/5
  1550 | D:2      | Reached skill level 1 in Dodging
  1550 | D:2      | Reached skill level 1 in Conjurations
  2024 | D:2      | Slain by an adder

Illustrated notes

Levels and vault maps discovered:
D:1:      psy_arrival_spokes, layout_basic, serial_shops, shop,
          hex_intersection, dreamdust_princess_bridge
D:2:      layout_loops_ring, serial_shops, shop

Skill      XL: |  1  2  3 |
---------------+----------+-----
Dodging        | 1 |  1.3
Conjurations   | 1 |  1.1
Air Magic      | 3 |  3.1
Fighting       | |  2.4
Stealth        | |  5.8
Spellcasting   | |  1.5

Action                   || total
-------------------------++-------
Melee: Unarmed           ||    42
       Bite              ||     3
 Cast: Static Discharge  ||    16
 Stab: Sleeping          ||     4
       Distracted        ||     1
Armor: Skin              ||    12
Dodge: Dodged            ||    36
